 Dungeon Crawl Stone Soup version 0.20.1-1-g8b1a95d (webtiles) character file.

208 Monsterracer the Chiller (level 5, 0/38 HPs)
             Began as a Demigod Ice Elementalist on Aug 19, 2017.
             Slain by dscm's ghost (11 damage)
             ... on level 4 of the Dungeon.
             The game lasted 00:07:21 (3597 turns).

Monsterracer the Chiller (Demigod Ice Elementalist) Turns: 3597, Time: 00:07:21

Health: 0/38       AC:  2    Str: 11    XL:     5   Next: 29%
Magic:  9/12       EV: 12    Int: 21    God:
Gold:   204        SH:  0    Dex: 16    Spells: 3/9 levels left

rFire    . . .     SeeInvis .   b - +2 dagger (speed)
rCold    . . .     Gourm    .   (no shield)
rNeg     + . .     Faith    .   j - +0 robe
rPois    .         Spirit   .   (no helmet)
rElec    .         Reflect  .   (no cloak)
rCorr    .         Harm     .   (no gloves)
MR       .....                  (no boots)
Stlth    ++........             (no amulet)
Regen    0.2/turn               w - ring of positive energy
MPRegen  0.2/turn               (no ring)

@: no status effects
A: high mp 1
a: no special abilities


You were on level 4 of the Dungeon.
You were not hungry.

You visited 1 branch of the dungeon, and saw 4 of its levels.

You collected 204 gold pieces.

Inventory:

Hand Weapons
 a - a +0 dagger of venom
 b - a +2 dagger of speed (weapon)
Armour
 j - a +0 robe (worn)
 l - a +0 shield
 o - a +1 ring mail of cold resistance
Jewellery
 w - a ring of positive energy (left hand)
Scrolls
 e - a scroll of teleportation {unknown}
 f - a scroll of noise {unknown}
 g - a scroll of amnesia
 m - a scroll of random uselessness {unknown}
 q - 3 scrolls of immolation
 r - a scroll of fog {unknown}
Potions
 d - a potion of berserk rage {unknown}
 h - 2 potions of flight
 i - a potion of cancellation {unknown}
 n - 3 potions of curing
 p - 2 potions of agility {unknown}
 s - 2 potions of lignification
 t - a potion of brilliance {unknown}
 x - a potion of might {unknown}
Books
 k - a book of Frost

   Spells                             Type                      Level
   a - Freeze                         Ice                          1
   b - Throw Frost                    Conjuration/Ice              2
   c - Ozocubu's Armour               Charms/Ice                   3
   d - Throw Icicle                   Conjuration/Ice              4
   e - Summon Ice Beast               Ice/Summoning                4
Comestibles
 c - 3 bread rations
 u - 4 meat rations
 v - a royal jelly


   Skills:
 - Level 1.7 Dodging
 - Level 1.7 Stealth
 + Level 2.9 Spellcasting
 - Level 0.8 Conjurations
 * Level 5.1 Ice Magic


You had 3 spell levels left.
You knew the following spells:

 Your Spells              Type           Power        Failure   Level  Hunger
a - Freeze                Ice            ###.         1%          1    None
b - Throw Frost           Conj/Ice       ###...       6%          2    ##.....
c - Ozocubu's Armour      Chrm/Ice       ##......     14%         3    ###....


Dungeon Overview and Level Annotations

Branches:
Dungeon (4/15)
 Temple: D:4-7

Annotations:
D:4 dscm's ghost, weakling DsGl


Innate Abilities, Weirdness & Mutations

You have an increased reservoir of magic. (+10% MP)


Message History

Confirm with . or Enter, or press ? or * to list all spells.
Aiming: Freeze
Press: ? - help, Shift-Dir - straight line, f/p - dscm's ghost
Aim: dscm's ghost (lightly damaged)
You freeze dscm's ghost.
Dscm's ghost resists.
Dscm's ghost is moderately damaged.
Dscm's ghost misses you.
Casting: Freeze
Confirm with . or Enter, or press ? or * to list all spells.
Aiming: Freeze
Press: ? - help, Shift-Dir - straight line, f/p - dscm's ghost
Aim: dscm's ghost (moderately damaged)
You freeze dscm's ghost.
Dscm's ghost resists.
Dscm's ghost is heavily damaged.
Dscm's ghost hits you!
* * * LOW HITPOINT WARNING * * *
Huge Dmg: -40%(-15hp) hp: 29%(11hp) Unknown command.
Dscm's ghost hits you!
You die...

#........)...................
#.#############.####.########
#.#........# #...........#
####.#.######.#########.####.#
...#.#.......................#
##.#.#.#.##.############.##..#
.#'#.#....#.#........###.##..#
.....#.#..#.# ######.........#
.....####.#.# #.@.....##.....#
..........#.# #W###...###....#
....#####.#.#.#.# #..........#
..........#.#.#.###...>.#.#..# .
.....###..#.#.....#..........+ ..
.....#....#.###.#.##.....#.###...
....>#.#..#.# #.#.##.............
... ...#..#.###.#...........#...
##'#####.##.#..............## ..


You could see dscm's ghost.

Vanquished Creatures
  An orc wizard (D:4)
  2 worker ants (D:4)
  A gnoll (D:1)
  3 adders (D:3)
  4 worms
  2 dart slugs
  2 leopard geckos (D:2)
  3 orcs
  9 bats
  2 giant cockroaches (D:3)
  4 goblins
  7 hobgoblins
  11 jackals
  4 kobolds
  5 quokkas
  A ball python (D:3)
  2 frilled lizards
  13 rats
76 creatures vanquished.

Notes
Turn   | Place    | Note
-------+----------+-------------------------------------------
     0 | D:1      | Monsterracer the Demigod Ice Elementalist began the quest for the Orb.
     0 | D:1      | Reached XP level 1. HP: 14/14 MP: 5/5
   429 | D:1      | Reached skill level 3 in Ice Magic
   502 | D:1      | Reached XP level 2. HP: 20/20 MP: 5/7
   915 | D:1      | Reached XP level 3. HP: 23/26 MP: 6/8
  1113 | D:1      | Learned a level 2 spell: Throw Frost
  1117 | D:1      | Learned a level 3 spell: Ozocubu's Armour
  1574 | D:2      | Reached skill level 4 in Ice Magic
  2299 | D:3      | Reached XP level 4. HP: 25/33 MP: 6/10
  3285 | D:4      | Reached skill level 5 in Ice Magic
  3285 | D:4      | Reached XP level 5. HP: 27/38 MP: 7/12
  3290 | D:4      | HP: 19/38 [poisoned by a worker ant]
  3296 | D:4      | HP: 17/38 [poisoned by a worker ant]
  3302 | D:4      | HP: 16/38 [poisoned by a worker ant]
  3310 | D:4      | HP: 15/38 [poisoned by a worker ant]
  3565 | D:4      | Noticed dscm's ghost (weakling DsGl)
  3596 | D:4      | HP: 11/38 [dscm's ghost (15)]
  3597 | D:4      | Slain by dscm's ghost

Skill      XL: |  1  2  3  4 |
---------------+-------------+-----
Spellcasting   | 2 |  2.9
Ice Magic      | 3 4 5 |  5.1
Dodging        | |  1.7
Stealth        | |  1.7
Conjurations   | |  0.8

Action                   |  1- 3 |  4- 6 || total
-------------------------+-------+-------++-------
Melee: Unarmed           |    19 |       ||    19
       Club              |    18 |       ||    18
       Dagger            |    56 |    39 ||    95
 Cast: Freeze            |    44 |    22 ||    66
       Throw Frost       |     1 |     4 ||     5
       Ozocubu's Armour  |     1 |       ||     1
  Use: Scroll            |       |     6 ||     6
 Stab: Sleeping          |     6 |       ||     6
  Eat: Chunk             |     5 |     4 ||     9
Armor: Robe              |    23 |    11 ||    34
Dodge: Dodged            |    99 |    32 ||   131
